 Dungeon Crawl Stone Soup version 0.20-a0-766-g52e1353 (webtiles) character file.

312 Jm2c the Chopper (level 6, 0/56 HPs)
             Began as a Hill Orc Fighter on Feb 26, 2017.
             Slain by a centaur (10 damage)
             ... on level 4 of the Dungeon.
             The game lasted 00:22:06 (2909 turns).

Jm2c the Chopper (Hill Orc Fighter)                 Turns: 2909, Time: 00:22:07

Health: 0/56       AC: 10    Str: 20    XL:     6   Next: 42%
Magic:  6/6        EV:  9    Int:  8    God:
Gold:   125        SH:  9    Dex: 11    Spells: 5/5 levels left

rFire    . . .     SeeInvis .   a - +0 war axe
rCold    . . .     Gourm    .   n - +0 scale mail
rNeg     . . .     Faith    .   c - +0 shield
rPois    .         Spirit   .   e - +2 helmet
rElec    .         Reflect  .   (no cloak)
rCorr    .         Harm     .   (no gloves)
MR       .....                  (no boots)
Stlth    ..........             (no amulet)
Regen    0.2/turn               p - +2 ring of evasion
MPRegen  0.1/turn               (no ring)

@: no status effects
A: no striking features
a: no special abilities


You were on level 4 of the Dungeon.
You were full.

You visited 2 branches of the dungeon, and saw 5 of its levels.

You collected 125 gold pieces.

Inventory:

Hand Weapons
 a - a +0 war axe (weapon)
 b - a +0 hunting sling
 t - a +0 longbow
Missiles
 i - 175 stones (quivered)
 w - 10 sling bullets
Armour
 c - a +0 shield (worn)
 e - a +2 helmet (worn)
 n - a +0 scale mail (worn)
Jewellery
 l - an uncursed ring of teleportation
 p - a +2 ring of evasion (right hand)
 v - a cursed ring of teleportation
Scrolls
 h - 2 scrolls of teleportation
 k - a scroll of identify
 m - 3 scrolls of recharging
 s - a scroll of magic mapping
 u - a scroll of fear
Potions
 d - 4 potions of might
 j - a potion of curing {unknown}
 o - a potion of invisibility {unknown}
 r - a potion of haste {unknown}
Comestibles
 f - 3 bread rations
 g - 2 fruits
 q - 2 chunks of flesh


   Skills:
 + Level 5.5 Fighting
 * Level 7.2 Axes
 - Level 3.3 Armour
 - Level 3.4 Shields


You had 5 spell levels left.
You didn't know any spells.

Dungeon Overview and Level Annotations

Branches:
Dungeon (4/15)             Temple (1/1) D:4

Altars:
Ashenzari
Cheibriados
Dithmenos
Elyvilon
Hepliaklqana
Kikubaaqudgha
Okawaru
Qazlal
Ru
Sif Muna
Trog
Uskayaw
Vehumet
Xom


Message History

The centaur hits you but does no damage.
You slash the centaur!
The centaur is heavily wounded.
The centaur hits you but does no damage.
The centaur hits you.
You slash the centaur!
The centaur is almost dead.
The centaur hits you but does no damage.
You block the centaur's attack. The centaur hits you.
You hit the centaur.
The centaur is almost dead.
The centaur hits you!
* * * LOW HITPOINT WARNING * * *
The centaur hits you!
* * * LOW HITPOINT WARNING * * *
You block the centaur's attack.
You barely miss the centaur.
The centaur is almost dead.
The centaur closely misses you. The centaur hits you!
You die...

#.# #.# ##.## #.# #.#.##
#.#
.###.#########[#########
## ##...................
.###.###.#####.#.######
#.#.# #.# #.#.# ##.# #.#
#.#.# #.# ##.##
##.#@###.
##.####.#.###....c......
##.....###.......###..##
..#####.#.###.#..# . #
#.# ##.## #.#..##.. #.#
#...###........ #.###
#....##....##.. ..<.#
#....##....# #.#.#
#....##....###.


You could see a centaur (berserk).

Vanquished Creatures
  A phantom (D:4)
  An ogre (D:4)
  A hound (D:4)
  A worker ant (D:4)
  4 adders
  2 leopard geckos
  2 orcs
  3 giant cockroaches
  3 hobgoblins
  7 jackals
  A kobold (D:3)
  7 bats
  6 frilled lizards
  9 goblins
  A leopard gecko skeleton (D:4)
  7 rats
56 creatures vanquished.

Notes
Turn   | Place    | Note
-------+----------+-------------------------------------------
     0 | D:1      | Jm2c the Hill Orc Fighter began the quest for the Orb.
     0 | D:1      | Reached XP level 1. HP: 19/19 MP: 1/1
   201 | D:1      | Reached skill level 3 in Axes
   268 | D:1      | Reached XP level 2. HP: 27/27 MP: 2/2
   632 | D:2      | Reached XP level 3. HP: 33/33 MP: 3/3
   692 | D:2      | Reached skill level 4 in Axes
  1583 | D:3      | Noticed a moth of wrath
  1628 | D:3      | Found a bloodstained altar of Trog.
  1724 | D:3      | Found a radiant altar of Vehumet.
  1797 | D:3      | Reached XP level 4. HP: 41/41 MP: 4/4
  2232 | D:4      | Reached skill level 5 in Axes
  2237 | D:4      | Found a staircase to the Ecumenical Temple.
  2249 | Temple   | Entered the Ecumenical Temple
  2389 | D:4      | Reached XP level 5. HP: 47/47 MP: 5/5
  2407 | D:4      | Noticed Blork the orc
  2418 | D:4      | Noticed an ogre
  2446 | D:4      | Killed an ogre
  2446 | D:4      | Reached skill level 5 in Fighting
  2446 | D:4      | Reached skill level 6 in Axes
  2659 | D:4      | Noticed a phantom
  2721 | D:4      | Killed a phantom
  2721 | D:4      | Reached XP level 6. HP: 44/56 MP: 6/6
  2798 | D:4      | Reached skill level 7 in Axes
  2909 | D:4      | Slain by a centaur

Vault maps used:
D:1:      minmay_arrival_glassed_features
D:2:      first_bread, minmay_tree_intersection, serial_bayou_crossing
D:3:      vehumet_crystals, tgw_trog
D:4:      minmay_temple_entry_statues, uniq_blork_the_orc
Temple:   minmay_temple_bridge_abc

Skill      XL: |  1  2  3  4  5  6 |
---------------+-------------------+-----
Axes           | 3 4 5 6 7 |  7.2
Fighting       | 4 5 |  5.5
Armour         | |  3.3
Shields        | |  3.4

Action                   |  1- 3 |  4- 6 || total
-------------------------+-------+-------++-------
Melee: War axe           |   126 |   115 ||   241
 Fire: Hunting sling     |     2 |    10 ||    12
Throw: Stone             |    26 |    35 ||    61
  Use: Scroll            |    10 |       ||    10
       Potion            |       |     1 ||     1
  Eat: Chunk             |     2 |     3 ||     5
       Fruit             |     1 |       ||     1
       Meat ration       |       |     1 ||     1
Armor: Scale mail        |    50 |    47 ||    97
Dodge: Dodged            |    44 |    39 ||    83
Block: Shield            |    66 |    63 ||   129
